Map: Ascension to Aiur LE

Players

EnlistedReb - Winner!

  • Race: Zerg Zerg
  • League: Master
  • Spawn Location: 11:00

Sherlock

  • Race: Zerg Zerg
  • League: Master
  • Spawn Location: 5:00

VOD

Have the link to the VOD?

Description

Time

  • Played on: Sept. 4, 2017, 1:17 p.m.
  • Length: 5:32
Show
View Real Time Build Order
Export as new Build Order

EnlistedReb Zerg - Winner!

Build Orders: Pool First 

Get SALT Encoding   

  12  0:01  Drone  
  13  0:12  Overlord  
  13  0:19  Drone  
  14  0:30  Drone x2  
  14  0:34  Drone  
  17  0:45  Spawning Pool  
  17  0:49  Drone  
  17  0:51  Extractor  
  17  0:55  Drone  
  17  1:18  Hatchery  
  17  1:22  Drone  
  17  1:35  Queen  
  17  1:39  Zergling x2  
  20  1:43  Zergling x2  
  21  1:48  Zergling x2  
  21  1:54  Metabolic Boost  
  22  2:03  Overlord  
  22  2:20  Queen  
  22  2:21  Drone  
  22  2:22  Drone  
  26  2:27  Drone  
  27  2:30  Drone  
  27  2:33  Drone  
  29  2:42  Baneling Nest  
  28  2:52  Zergling x2, Spine Crawler  
  28  2:53  Zergling x2  
  28  2:55  Zergling x2  
  30  3:01  Zergling x4  
  31  3:08  Zergling x4  
  33  3:13  Zergling x4  
  33  3:17  Drone  
  36  3:25  Overlord  
  36  3:27  Overlord  
  36  3:30  Baneling x2  
  36  3:36  Overlord  
  35  3:50  Drone x3  
  35  3:51  Drone x2  
  35  3:53  Drone  
  41  4:03  Zergling x2  
  41  4:04  Zergling x2  
  41  4:05  Baneling x2  
  43  4:14  Zergling x2  
  43  4:15  Zergling x2  
  45  4:18  Zergling x6  
  48  4:25  Zergling x4  
  48  4:29  Zergling x6  
  53  4:36  Zergling x2  
  53  4:38  Zergling x2  
  54  4:50  Zergling x8  
  54  4:51  Zergling x2  
  59  4:56  Zergling x4  
  59  4:57  Zergling x2  
  59  5:02  Overlord  
  59  5:06  Hatchery  
  58  5:13  Zergling x2  
  58  5:14  Zergling x2, Baneling  
Show
View Real Time Build Order
Export as new Build Order

Sherlock Zerg 

Build Orders: Pool First 

Get SALT Encoding   

  12  0:01  Drone  
  13  0:13  Overlord  
  13  0:18  Drone  
  14  0:31  Drone  
  14  0:32  Drone  
  16  0:43  Spawning Pool  
  16  0:46  Drone  
  16  0:50  Extractor  
  16  0:53  Drone  
  16  1:14  Hatchery  
  15  1:30  Queen  
  17  1:33  Zergling x2  
  17  1:36  Drone  
  19  1:40  Drone  
  20  1:51  Metabolic Boost  
  20  1:57  Overlord  
  20  2:02  Zergling x2  
  21  2:14  Zergling x2, Queen  
  24  2:17  Zergling x2  
  25  2:27  Zergling x4  
  27  2:40  Zergling x10  
  32  2:50  Overlord  
  32  2:57  Drone  
  33  3:04  Zergling x4  
  35  3:17  Drone  
  35  3:18  Drone  
  36  3:23  Drone x3  
  36  3:26  Drone  
  36  3:27  Drone x3  
  43  3:35  Drone  
  43  3:39  Overlord  
  42  3:55  Overlord  
  42  3:56  Baneling Nest  
  42  3:57  Extractor  
  42  3:58  Zergling x6  
  43  4:04  Zergling x10  
  48  4:13  Overlord  
  48  4:18  Drone x2  
  48  4:22  Lair  
  49  4:39  Baneling x3  
  49  4:43  Extractor  
  49  4:44  Extractor, Drone  
  49  4:45  Drone x4  
  51  4:46  Drone x2  
  51  4:52  Drone  
Tags
 
Add a new tag
Caveats
  • Supply blocks, unpowered buildings, or Contaminate may cause inaccurate times.
  • Supply counts are checked every 10 seconds.